 Dungeon Crawl Stone Soup version 0.26.0-10-g1f06aea511 (webtiles) character file.

Game seed: 2140344985142745195

352658 Amaterasu the Swashbuckler (level 23, -15/135 (147) HPs)
             Began as a Kobold Gladiator on Feb 1, 2021.
             Was an Initiate of Gozag.
             Killed from afar by a shadow dragon (30 damage)
             ... with a bolt of negative energy
             ... on level 5 of the Vaults on Feb 2, 2021.
             The game lasted 02:32:29 (70110 turns).

Amaterasu the Swashbuckler (Kobold Gladiator)      Turns: 70110, Time: 02:32:30

HP:   -15/135 (147) AC: 43    Str: 18    XL:     23   Next: 64%
MP:   20/20         EV: 20    Int:  9    God:    Gozag
Gold: 5442          SH: 11    Dex: 30    Spells: 22/22 levels left

rFire    + + +     SeeInvis .   Q - +5 dagger (speed)
rCold    + + .     Faith    .   q - +2 buckler {AC+3}
rNeg     . . .     Spirit   .   y - +9 scales of the Dragon King {rPois rF+ rC+ Will+}
rPois    +         Reflect  .   P - +2 hat {Will+}
rElec    .         Harm     .   G - +0 cloak
rCorr    .         Rampage  +   H - +1 pair of gloves of Hysemo {Rampage rF+++ Str-2}
Will     +++..                  h - +2 pair of boots {rampage}
Stlth    +++.......             (no amulet)
HPRegen  0.32/turn              b - +6 ring of strength
MPRegen  0.17/turn              w - +6 ring of dexterity

@: studying Throwing, drained
A: small, talons 1, cold resistance 1, low mp 1, nightstalker 3, sturdy frame 1
}: 1/15 runes: gossamer
a: Renounce Religion, Potion Petition, Call Merchant, Bribe Branch


You were on level 5 of the Vaults.
You worshipped Gozag.
Gozag was greatly pleased with you.
You visited 8 branches of the dungeon, and saw 37 of its levels.
You also visited: Sewer, Ossuary, Bailey, Gauntlet and Ice Cave.

You collected 19173 gold pieces.
You spent 662 gold pieces at shops.
You paid 13069 gold pieces to Gozag.

Inventory:

Hand Weapons
 n - a +3 dagger of draining
 Q - a +5 dagger of speed (weapon)
Missiles
 d - 12 throwing nets (quivered)
Armour
 h - a +2 pair of boots of rampaging (worn)
 q - a +2 buckler of protection (worn)
 y - the +9 scales of the Dragon King (worn) {rPois rF+ rC+ Will+}
   (You found it on level 3 of the Vaults)

   It protects you from fire.
   It protects you from cold.
   It protects you from poison.
   It affects your willpower, your defense against some magical effects.
 G - a +0 cloak (worn)
 H - the +1 pair of gloves of Hysemo (worn) {Rampage rF+++ Str-2}
   (You bought it in a shop on level 8 of the Dungeon)

   It affects your strength (-2).
   It renders you almost immune to fire.
   It bestows one free step when moving towards enemies.
 P - a +2 hat of willpower (worn)
Jewellery
 b - a +6 ring of strength (left hand)
 f - the ring "Rurast" {*Corrode rC+ Str+8 SInv}
   (You found it on level 9 of the Dungeon)

   [ring of protection from cold]

   It affects your strength (+8).
   It protects you from cold.
   It lets you see invisible.
   It may corrode you when you take damage.
 i - an uncursed ring of protection from fire
 w - a +6 ring of dexterity (right hand)
 K - the ring "Jioss" {Will+ Stlth-}
   (You took it off a yaktaur on level 5 of the Vaults)

   [ring of attention]

   It affects your willpower, your defense against some magical effects.
   It makes you less stealthy.
 O - an uncursed ring of willpower
 Y - an uncursed ring of protection from cold
Wands
 c - a wand of polymorph (7)
 g - a wand of enslavement (21)
 r - a wand of iceblast (8)
 Z - a wand of flame (17)
Scrolls
 a - a scroll of blinking
 e - 5 scrolls of fear
 p - 11 scrolls of teleportation
 t - 6 scrolls of amnesia
 u - 11 scrolls of enchant weapon
 z - 8 scrolls of identify
 A - 19 scrolls of remove curse
 D - 2 scrolls of brand weapon
 E - a scroll of summoning
 L - 6 scrolls of enchant armour
 X - 3 scrolls of fog
Potions
 k - 3 potions of mutation
 l - 5 potions of cancellation
 m - 3 potions of lignification
 o - 8 potions of flight
 s - a potion of might
 v - 3 potions of curing
 x - 5 potions of ambrosia
 B - 5 potions of attraction
 F - a potion of berserk rage
 S - 2 potions of magic
 T - 2 potions of haste
 V - 3 potions of resistance
Books
 J - a manual of Throwing
Miscellaneous
 j - a box of beasts (inert)
 I - a condenser vane (inert)
 M - a phantom mirror (inert)
 N - a tin of tremorstones (inert)
 R - a phial of floods (inert)
 U - a lightning rod (1/4)


   Skills:
 - Level 16.1 Fighting
 - Level 20.0 Short Blades
 - Level 13.1 Throwing
 * Level 16.2 Armour
 * Level 18.3 Dodging
 * Level 18.7 Stealth
 - Level 8.0 Shields
 - Level 14.1 Evocations


You had 22 spell levels left.
You didn't know any spells.
Your spell library contained the following spells:

 Spells                   Type           Power        Failure   Level
 Corona                   Hex            0%           100%        1
 Foxfire                  Conj/Fire      0%           100%        1
 Freeze                   Ice            0%           100%        1
 Magic Dart               Conj           0%           100%        1
 Pain                     Necr           0%           100%        1
 Shock                    Conj/Air       0%           100%        1
 Summon Small Mammal      Summ           0%           100%        1
 Blink                    Tloc           N/A          100%        2
 Call Imp                 Summ           0%           100%        2
 Slow                     Hex            0%           100%        2
 Swiftness                Air            0%           100%        2
 Call Canine Familiar     Summ           0%           100%        3
 Conjure Flame            Conj/Fire      0%           100%        3
 Frozen Ramparts          Ice            0%           100%        3
 Inner Flame              Hex/Fire       0%           100%        3
 Mephitic Cloud           Conj/Pois/Air  0%           100%        3
 Ozocubu's Armour         Ice            0%           100%        3
 Portal Projectile        Hex/Tloc       0%           100%        3
 Static Discharge         Conj/Air       0%           100%        3
 Summon Guardian Golem    Hex/Summ       0%           100%        3
 Airstrike                Air            0%           100%        4
 Animate Dead             Necr           0%           100%        4
 Cause Fear               Hex            0%           100%        4
 Hailstorm                Conj/Ice       0%           100%        4
 Leda's Liquefaction      Hex/Erth       0%           100%        4
 Sticky Flame             Conj/Fire      0%           100%        4
 Summon Ice Beast         Ice/Summ       0%           100%        4
 Summon Lightning Spire   Summ/Air       0%           100%        4
 Bolt of Magma            Conj/Fire/Erth 0%           100%        5
 Fireball                 Conj/Fire      0%           100%        5
 Irradiate                Conj/Tmut      0%           100%        5
 Iskenderun's Battlesphe  Conj           0%           100%        5
 Lightning Bolt           Conj/Air       0%           100%        5
 Silence                  Hex/Air        0%           100%        5
 Summon Mana Viper        Hex/Summ       0%           100%        5
 Yara's Violent Unravell  Hex/Tmut       0%           100%        5
 Death Channel            Necr           0%           100%        6
 Hydra Form               Tmut           0%           100%        6
 Iron Shot                Conj/Erth      0%           100%        6
 Statue Form              Tmut/Erth      0%           100%        6
 Dragon Form              Tmut           0%           100%        7
 Orb of Destruction       Conj           0%           100%        7
 Spellforged Servitor     Conj/Summ      0%           100%        7
 Discord                  Hex            0%           100%        8


Dungeon Overview and Level Annotations

Branches:
Dungeon (15/15)            Temple (1/1) D:5            Lair (6/6) D:11
  Swamp (2/4) Lair:4       Spider (4/4) Lair:2        Slime (0/5) Lair:5
    Orc (2/2) D:10            Elf (2/3) Orc:2        Vaults (5/5) D:14
  Crypt (0/3) Vaults:2     Depths (0/5) D:15          Sewer (visited)
Ossuary (visited)          Bailey (visited)           IceCv (visited)
Gauntlet (visited)

Altars:
Ashenzari
Cheibriados
Dithmenos
Elyvilon
Fedhas
Gozag
Hepliaklqana
Kikubaaqudgha
Makhleb
Nemelex Xobeh
Okawaru
Qazlal
Ru
Sif Muna
Trog
Uskayaw
Vehumet
Wu Jian
Xom
Yredelemnul
Zin
The Shining One

Shops:
D:4 !   D:6 (   D:8 [   Orc:2 ::[[   Vaults:1 (((((!?(   Vaults:2 =
Vaults:3 *   Vaults:5 [

Annotations:
Lair:5 exclusion: oklob plant
Swamp:1 Josephine
Elf:2 Asterion
Vaults:2 handsome's ghost, veteran OpWn
Vaults:3 2 transporters


Innate Abilities, Weirdness & Mutations

You are small and have problems with some larger weapons.
You are completely attuned to the shadows.
You have sharp toenails.
Your flesh is cold resistant. (rC+)
Your magical capacity is low. (-10% MP)
Your movements are slightly less encumbered by armour. (ER -2)


Message History

* * * LOW HITPOINT WARNING * * *
A frost giant comes into view.
It is wielding a +1 battleaxe of freezing.
An orc warrior comes into view. It is wielding a +0 glaive.
The quicksilver dragon bites you but does no damage.
The quicksilver dragon claws you but does no damage.
Blink to where?
Press: ? - help, Dir - move target
As you read the scroll of blinking, it crumbles to dust.
A vault warden comes into view.
It is wielding a +2 long sword of freezing.
The stone giant throws a large rock.
The large rock hits you.
* * * LOW HITPOINT WARNING * * *
The frost giant gestures at you while chanting.
The bolt of cold hits you. You resist.
* * * LOW HITPOINT WARNING * * *
You block the vault warden's attack.
Your surroundings suddenly seem different.
The shadow dragon breathes negative energy at you.
The bolt of negative energy hits you!!
You feel drained.
You die...
Your body crumbles into a pile of gold.

#.$#
#..#
#D.# $
#..#
#..#c.#
.C.#..#
D.D..#
#....#
....@#
......#
...$$.#
.....$#
####
##..$.#
...##
#..$$D#
....##
...#$$#
.#...#
.. #D.#
##....#
. #O9#


You could see 2 shadow dragons, a titan (wandering) and a yaktaur (wandering).

Vanquished Creatures
  A golden dragon (Vaults:5)
  Nikola (Elf:2)
  Jorgrun (D:14)
  A lich (Vaults:1)
  4 titans (Vaults:5)
  2 sphinxes
  Kirke (D:14)
  2 shadow dragons (Vaults:5)
  2 tengu reavers (Vaults:5)
  Donald (Spider:3)
  4 frost giants
  3 deep elf sorcerers
  2 fire giants (Vaults:5)
  Louise (Elf:2)
  17 vault wardens
  An iron dragon (Vaults:5)
  Aizul (Spider:1)
  2 ghost moths (Spider:4)
  A deep elf elementalist (Vaults:5)
  4 emperor scorpions
  18 ironheart preservers
  6 stone giants
  2 very ugly things (Vaults:5)
  3 deep elf demonologists
  3 dire elephants (Lair:6)
  Azrael (D:14)
  4 spark wasps (Spider:4)
  A deep elf annihilator (Vaults:2)
  An entropy weaver (Vaults:4)
  A minotaur (Gauntlet)
  8 ettins
  11 yaktaur captains
  3 deep elf death magi
  2 great orbs of eyes
  A death ooze (Gauntlet)
  A deep elf high priest (Elf:1)
  2 crystal guardians
  2 fire dragons
  32 vault guards
  A spectral shadow dragon (Vaults:2)
  11 hydras
  4 ice dragons
  Harold (Orc:1)
  5 boulder beetles
  A rakshasa (Vaults:2)
  4 centaur warriors
  Erica (D:9)
  3 catoblepae
  6 death scarabs (Spider:4)
  A spectral frost giant (Vaults:2)
  40 two-headed ogres
  A death knight (D:15)
  7 death yaks
  An anaconda (Lair:6)
  11 ogre magi
  A tengu warrior (D:13)
  3 deep troll shamans
  3 deep troll earth magi
  2 alligators
  A vampire mage (D:15)
  3 orc high priests (Orc:2)
  Nergalle (D:11)
  13 deep elf knights
  2 spectral emperor scorpions (Spider:4)
  A shadow wraith (Vaults:2)
  A spectral yaktaur (Vaults:2)
  5 wizards
  2 deep trolls
  5 skeletal warriors
  4 unseen horrors
  2 flayed ghosts
  An unseen horror (shapeshifter) (Vaults:5)
  13 deep elf archers
  2 wolf spider zombies (Spider:4)
  A bog body (Lair:4)
  A lindwurm (Lair:6)
  16 orc knights
  7 harpies
  2 spectral wolf spiders (Spider:4)
  A phantasmal warrior (D:15)
  2 necromancers
  14 ironbrand convokers
  15 orb spiders
  2 spectral ettins (Vaults:2)
  15 ugly things
  3 oklob plants (D:11)
  26 wolf spiders
  7 orc sorcerers
  A faun (Lair:2)
  54 deep elf magi
  4 cyclopes
  A manticore (shapeshifter) (D:13)
  16 elephants
  4 manticores
  2 stone giant zombies
  A fire giant skeleton (D:15)
  A human skeleton (Vaults:4)
  9 vault sentinels
  A black mamba (shapeshifter) (Vaults:3)
  3 torpor snails
  4 moths of wrath
  3 gargoyles
  An ice statue (IceCv)
  Psyche (D:10)
  5 rime drakes
  2 yaktaurs (shapeshifter)
  13 cane toads
  A yaktaur skeleton (Vaults:4)
  A minotaur zombie (Gauntlet)
  3 spectral redbacks (Spider:4)
  16 komodo dragons
  4 kobold demonologists
  32 yaktaurs
  An efreet (Gauntlet)
  4 freezing wraiths
  11 demonic crawlers
  2 meliai (shapeshifter) (D:13)
  13 polar bears (IceCv)
  41 jumping spiders
  A bloated husk (Swamp:1)
  6 trolls
  A hornet (shapeshifter) (Vaults:1)
  9 hornets
  4 tyrant leeches
  A tengu simulacrum (Vaults:2)
  21 slime creatures
  4 spectral jumping spiders (Spider:4)
  2 spectral tarantellas (Spider:4)
  5 blink frogs (Lair:2)
  5 dream sheep (Lair:6)
  A tarantella zombie (Spider:4)
  2 fire giant simulacra (Vaults:2)
  A deep troll zombie (D:15)
  An ice dragon zombie (D:15)
  An elf simulacrum (Vaults:2)
  2 spriggans (Lair:2)
  3 air elementals (Elf:1)
  31 tarantellas
  107 redbacks
  4 wraiths
  2 fire elementals
  2 steam dragons
  9 wyverns
  70 yaks
  A golden eye (shapeshifter) (D:14)
  7 vampire mosquitoes
  7 basilisks
  A soldier ant (D:14)
  An acid dragon (D:11)
  2 wargs (Orc:2)
  3 hell hounds
  16 water moccasins
  5 spectral hornets (Spider:4)
  6 ice beasts
  3 black bears
  2 hornet zombies
  41 orc warriors
  3 sky beasts
  2 eyes of draining (D:14)
  3 ettin simulacra (Vaults:2)
  6 necrophages (Lair:3)
  55 wolves
  38 ogres
  7 boggarts
  2 phantoms
  17 centaurs
  5 big kobolds
  27 bullfrogs
  A gnoll sergeant (D:10)
  An earth elemental (Elf:1)
  2 wyvern skeletons
  4 scorpions
  11 killer bees
  2 electric eels
  4 howler monkeys
  24 wights
  5 centaur zombies
  A quasit (D:10)
  4 hounds
  3 human zombies
  24 orc priests
  2 bullfrog skeletons
  5 centaur skeletons
  A gnoll shaman (D:10)
  4 iguanas
  30 orc wizards
  6 hell rats (Lair:5)
  12 worker ants
  A hound zombie (D:7)
  4 mummies
  2 worker ant zombies
  23 gnolls
  3 howler monkey skeletons
  19 adders
  2 shadow imps (D:6)
  4 white imps
  An ufetubus (D:10)
  An ooze (D:4)
  An adder skeleton (D:4)
  4 adder zombies
  A worm (D:2)
  3 dart slugs (D:1)
  6 leopard geckos
  135 orcs
  7 bats
  9 giant cockroaches
  14 goblins
  19 hobgoblins
  26 jackals
  9 quokkas
  A ball python (D:4)
  8 frilled lizards
  4 goblin zombies
  12 hobgoblin zombies
  2 jackal zombies (Ossuary)
  30 kobolds
  A kobold skeleton (D:6)
  11 kobold zombies (Ossuary)
  A leopard gecko skeleton (D:4)
  A leopard gecko zombie (D:7)
  An orc skeleton (D:6)
  10 orc zombies
  2 quokka zombies (D:8)
  16 rats
  2 rat zombies (Ossuary)
1781 creatures vanquished.

Vanquished Creatures (collateral kills)
  A vault warden (Vaults:3)
  A vault guard (Vaults:3)
  2 death scarabs (Spider:4)
  A jumping spider zombie (Spider:4)
5 creatures vanquished.

Vanquished Creatures (others)
  18 dancing weapons
  2 polar bears (IceCv)
  A fire elemental (D:14)
  4 humans (D:14)
  3 yaks (IceCv)
  A hell hound (D:14)
  A phantom (D:14)
  A wolf (IceCv)
  An orc priest (D:14)
  A hound (D:14)
  3 orcs
  A giant cockroach (D:3)
  A frilled lizard (D:3)
  33 fungi
  114 plants
  11 withered plants (D:15)
196 creatures vanquished.

Grand Total: 1982 creatures vanquished

Notes
Turn   | Place    | Note
-------+----------+-------------------------------------------
     0 | D:1      | Amaterasu the Kobold Gladiator began the quest for the Orb.
     0 | D:1      | Reached XP level 1. HP: 12/12 MP: 1/1
    55 | D:1      | Reached XP level 2. HP: 18/18 MP: 2/2
   319 | D:1      | Reached skill level 5 in Short Blades
   330 | D:1      | Reached XP level 3. HP: 20/22 MP: 3/3
   982 | D:2      | Reached XP level 4. HP: 27/27 MP: 4/4
  1010 | D:2      | Found a sacrificial altar of Ru.
  1208 | D:2      | Reached skill level 6 in Short Blades
  1443 | D:2      | Found a hazy altar of Hepliaklqana.
  1444 | D:2      | Found a shadowy altar of Dithmenos.
  1444 | D:2      | Noticed a shadow
  1541 | D:2      | Reached XP level 5. HP: 33/33 MP: 5/5
  2101 | D:2      | Found a faded altar of an unknown god.
  2640 | D:3      | Reached XP level 6. HP: 39/39 MP: 6/6
  2663 | D:3      | Found a stormy altar of Qazlal.
  3014 | D:3      | Gained mutation: You are agile. (Dex +2) [potion of
                  | mutation]
  3014 | D:3      | Gained mutation: Your magical capacity is low. (-10% MP)
                  | [potion of mutation]
  3014 | D:3      | Gained mutation: Your movements are slightly less
                  | encumbered by armour. (ER -2) [potion of mutation]
  3103 | D:4      | Reached skill level 1 in Armour
  3386 | D:4      | Reached skill level 7 in Short Blades
  3565 | D:4      | Reached XP level 7. HP: 23/44 MP: 6/6
  4129 | D:4      | Found a glowing golden altar of the Shining One.
  4153 | D:4      | Found Hiemesu's Distillery.
  4252 | D:4      | Reached skill level 8 in Short Blades
  4539 | D:4      | Reached skill level 5 in Dodging
  4604 | D:5      | Entered Level 5 of the Dungeon
  4704 | D:5      | Reached skill level 9 in Short Blades
  4704 | D:5      | Reached XP level 8. HP: 41/48 MP: 7/7
  4755 | D:5      | Found a glowing drain.
  4780 | Sewer    | Entered a sewer
  4923 | Sewer    | Found a glowing silver altar of Zin.
  5126 | D:5      | Found a staircase to the Ecumenical Temple.
  5152 | Temple   | Entered the Ecumenical Temple
  5704 | D:5      | Noticed a +0 dagger
  5704 | D:5      | Noticed a +0 dagger
  5708 | D:5      | Found a hide-covered altar of Uskayaw.
  5857 | D:6      | Found a glowing golden altar of the Shining One.
  5954 | D:6      | Reached skill level 5 in Fighting
  5954 | D:6      | Reached skill level 10 in Short Blades
  6259 | D:6      | Found a sand-covered staircase.
  6271 | Ossuary  | Entered an ossuary
  6590 | Ossuary  | Reached XP level 9. HP: 48/56 MP: 8/8
  6802 | D:6      | Found Tonaext's Weapon Emporium.
  6879 | D:6      | Reached skill level 1 in Evocations
  7124 | D:6      | Found a glowing silver altar of Zin.
  7957 | D:7      | Noticed a hornet
  7973 | D:7      | Killed a hornet
  7974 | D:7      | Reached XP level 10. HP: 57/65 MP: 9/9
  8180 | D:7      | Identified the +7 long sword "Nopnemiho" {vorpal, rN+}
  9230 | D:7      | Identified a scroll of acquirement
  9230 | D:7      | Acquired a +5 dagger of protection
  9396 | D:8      | Found a snail-covered altar of Cheibriados.
  9591 | D:8      | Found Udghoega's Antique Armour Shoppe.
  9596 | D:8      | Bought a pair of smoking gloves for 218 gold pieces
  9606 | D:8      | Identified the +1 pair of gloves of Hysemo {Rampage rF+++
                  | Str-2} (You bought it in a shop on level 8 of the Dungeon)
  9684 | D:8      | Found a white marble altar of Elyvilon.
 10140 | D:8      | Found a faded altar of an unknown god.
 10143 | D:8      | Found a sparkling altar of Nemelex Xobeh.
 10144 | D:8      | Found an opulent altar of Gozag.
 10145 | D:8      | Found a basalt altar of Yredelemnul.
 10151 | D:8      | Became a worshipper of Gozag Ym Sagoz the Greedy
 10154 | D:8      | Found a bloodstained altar of Trog.
 10546 | D:9      | Noticed a two-headed ogre
 10779 | D:9      | Killed a two-headed ogre
 10873 | D:9      | Got a heavily runed pewter ring
 10875 | D:9      | Identified the ring "Rurast" {*Corrode rC+ Str+8 SInv} (You
                  | found it on level 9 of the Dungeon)
 10898 | D:9      | Found a shimmering blue altar of Sif Muna.
 11091 | D:9      | Noticed Erica
 11121 | D:9      | Killed Erica
 11122 | D:9      | Reached skill level 10 in Fighting
 11202 | D:9      | Reached XP level 11. HP: 59/72 MP: 9/9
 11289 | D:9      | Reached skill level 5 in Throwing
 11760 | D:10     | Entered Level 10 of the Dungeon
 11760 | D:10     | Noticed Psyche
 11770 | D:10     | Killed Psyche
 11771 | D:10     | Reached skill level 10 in Dodging
 11771 | D:10     | Reached skill level 5 in Evocations
 12346 | D:10     | Noticed an unseen horror
 12396 | D:10     | Killed an unseen horror
 12434 | D:10     | Reached skill level 5 in Armour
 13080 | D:10     | Reached skill level 11 in Short Blades
 13118 | D:10     | Found a staircase to the Orcish Mines.
 14150 | D:11     | Noticed Nergalle
 14212 | D:11     | Killed Nergalle
 14213 | D:11     | Reached XP level 12. HP: 46/80 MP: 10/10
 14975 | D:11     | Found a staircase to the Lair.
 15132 | D:11     | Reached skill level 12 in Short Blades
 16428 | D:11     | Reached skill level 1 in Shields
 16847 | Lair:1   | Entered Level 1 of the Lair of Beasts
 17213 | Lair:1   | Identified the Grimoire of Summoning and Darkness
 17268 | Lair:1   | Reached skill level 13 in Short Blades
 17435 | Lair:1   | Noticed a fire dragon
 17478 | Lair:1   | Killed a fire dragon
 17583 | Lair:1   | Got a bloodstained ring mail
 17594 | Lair:1   | Identified the +2 ring mail of the Dwarven Hall {rPois rF+
                  | Dex+9} (You found it on level 1 of the Lair of Beasts)
 17796 | Lair:1   | Reached XP level 13. HP: 86/86 MP: 11/11
 18444 | Lair:2   | Noticed a catoblepas
 18448 | Lair:2   | Killed a catoblepas
 18457 | Lair:2   | Got a transparent scale mail
 18473 | Lair:2   | Identified the +1 scale mail of Shadows and Fog {Regen+
                  | Int+6} (You found it on level 2 of the Lair of Beasts)
 18704 | Lair:2   | Reached skill level 1 in Stealth
 19076 | Lair:2   | Reached skill level 5 in Shields
 19475 | Lair:2   | Found a hole to the Spider Nest.
 19516 | Lair:2   | Reached skill level 14 in Short Blades
 19940 | Lair:2   | Reached skill level 5 in Stealth
 19964 | Lair:2   | Noticed a six-headed hydra
 19985 | Lair:2   | Killed a six-headed hydra
 20839 | Lair:3   | Reached XP level 14. HP: 92/92 MP: 12/12
 21688 | Lair:3   | Acquired a +2 pair of boots of rampaging
 21828 | Lair:4   | Got a pitted scale mail
 21839 | Lair:4   | Identified the +5 scale mail "Licvor" {rN+} (You found it
                  | on level 4 of the Lair of Beasts)
 22068 | Lair:4   | Found a staircase to the Swamp.
 23489 | Lair:5   | Found a staircase to the Slime Pits.
 24450 | Lair:5   | Acquired a +5 dagger of speed
 24474 | Lair:6   | Entered Level 6 of the Lair of Beasts
 24783 | Lair:6   | Reached XP level 15. HP: 97/97 MP: 13/13
 24796 | Lair:6   | Reached skill level 10 in Stealth
 25571 | Lair:6   | Found a bloodstained altar of Trog.
 26598 | D:12     | Reached skill level 10 in Evocations
 27860 | D:13     | Found a frozen archway.
 27873 | IceCv    | Entered an ice cave
 28387 | IceCv    | Found the +8 Wrath of Trog {antimagic, *Rage}
 29536 | IceCv    | Noticed a frost giant
 29558 | IceCv    | Killed a frost giant
 30174 | D:13     | Reached XP level 16. HP: 104/104 MP: 14/14
 30296 | D:13     | Reached skill level 15 in Short Blades
 31300 | D:14     | Found a gate leading to a gauntlet.
 31308 | Gauntlet | Entered a Gauntlet
 31308 | Gauntlet | Found a large runed translucent door.
 31308 | Gauntlet | Found a large runed translucent door.
 31308 | Gauntlet | Found a transporter.
 31308 | Gauntlet | Found a transporter.
 31309 | Gauntlet | Found a large runed translucent door.
 31309 | Gauntlet | Found a large runed translucent door.
 31314 | Gauntlet | Found a large runed translucent door.
 31314 | Gauntlet | Found a large runed translucent door.
 31314 | Gauntlet | Found a runed translucent door.
 31314 | Gauntlet | Found a runed translucent door.
 31317 | Gauntlet | Found a large runed translucent door.
 31335 | Gauntlet | Found a transporter.
 31335 | Gauntlet | Found a transporter.
 31365 | Gauntlet | Found a transporter.
 31387 | Gauntlet | Found a transporter.
 31413 | Gauntlet | Found a transporter.
 31429 | Gauntlet | Found a transporter.
 31429 | Gauntlet | Found a large runed translucent door.
 31430 | Gauntlet | Found a large runed translucent door.
 31430 | Gauntlet | Found a large runed translucent door.
 31445 | Gauntlet | Found a large runed translucent door.
 31446 | Gauntlet | Found a large runed translucent door.
 31452 | Gauntlet | Found a large runed translucent door.
 31453 | Gauntlet | Found a large runed translucent door.
 31454 | Gauntlet | Found a large runed translucent door.
 31454 | Gauntlet | Found a large runed translucent door.
 31463 | Gauntlet | Found a runed translucent gate.
 31464 | Gauntlet | Found a transporter.
 31472 | Gauntlet | Found a transporter.
 31495 | Gauntlet | Found a transporter.
 31502 | Gauntlet | Found a transporter.
 31561 | Gauntlet | Found a runed translucent gate.
 31561 | Gauntlet | Found a runed translucent gate.
 31592 | Gauntlet | Found a transporter.
 31600 | Gauntlet | Found a transporter.
 31622 | Gauntlet | Found a transporter.
 31629 | Gauntlet | Found a transporter.
 31949 | Gauntlet | Got a glimmering cloak
 31971 | Gauntlet | Identified the +0 cloak of the Other World {rF++ Str-3}
                  | (You found it in a Gauntlet)
 32135 | Gauntlet | Got a pair of scorched boots
 32146 | Gauntlet | Identified the +0 pair of boots "Jysteesi" {MP+9 SInv} (You
                  | found it in a Gauntlet)
 32723 | D:14     | Noticed Kirke
 32752 | D:14     | Killed Kirke
 32968 | D:14     | Found a broken altar of Ashenzari.
 33169 | D:14     | Found a gate to the Vaults.
 33340 | D:14     | Noticed Azrael
 33414 | D:14     | Killed Azrael
 33745 | D:14     | Noticed Jorgrun
 33794 | D:14     | Killed Jorgrun
 34429 | D:15     | Entered Level 15 of the Dungeon
 34519 | D:15     | Found a glowing silver altar of Zin.
 34640 | D:15     | Found a shimmering altar of Xom.
 35257 | D:15     | Reached skill level 15 in Dodging
 35358 | D:15     | Found a staircase to the Depths.
 35821 | D:15     | Reached XP level 17. HP: 111/111 MP: 15/15
 36566 | Orc:1    | Entered Level 1 of the Orcish Mines
 36653 | Orc:2    | Entered Level 2 of the Orcish Mines
 36736 | Orc:1    | Found a flagged portal.
 36743 | Bailey   | Entered a bailey
 36813 | Bailey   | Found an iron altar of Okawaru.
 37376 | Bailey   | Acquired a manual of Throwing
 37490 | Orc:1    | Noticed Harold
 37494 | Orc:1    | Killed Harold
 37793 | Orc:2    | Found a staircase to the Elven Halls.
 38866 | Orc:2    | Found Lemarpho's Book Shoppe.
 38867 | Orc:2    | Found Iryr's Book Boutique.
 38876 | Orc:2    | Found Ofoqihie's Armour Boutique.
 38878 | Orc:2    | Found Jauwelot's Armour Shoppe.
 39229 | Spider:1 | Entered Level 1 of the Spider Nest
 39623 | Spider:1 | Reached skill level 16 in Short Blades
 40067 | Spider:1 | Noticed Aizul
 40069 | Spider:1 | Killed Aizul
 40755 | Swamp:1  | Entered Level 1 of the Swamp
 40990 | Swamp:1  | You fall into a shaft and drop 1 floor!
 41052 | Swamp:1  | Reached skill level 15 in Stealth
 41055 | Swamp:1  | Noticed Josephine
 41359 | Elf:1    | Entered Level 1 of the Elven Halls
 42036 | Elf:1    | Found a ruined gateway.
 42079 | Elf:1    | Reached XP level 18. HP: 112/113 MP: 16/16
 42917 | Elf:2    | Noticed Louise
 42920 | Elf:2    | Killed Louise
 43482 | Elf:2    | Found a huge runed translucent gate.
 43482 | Elf:2    | Found a huge runed translucent gate.
 43483 | Elf:2    | Found a huge runed translucent gate.
 43486 | Elf:2    | Found a huge runed translucent gate.
 43486 | Elf:2    | Found a huge runed translucent gate.
 43772 | Elf:2    | Noticed Asterion
 43956 | Elf:2    | Noticed Nikola
 43958 | Elf:2    | Killed Nikola
 45706 | Spider:1 | Reached skill level 10 in Throwing
 47540 | Spider:3 | Reached XP level 19. HP: 122/122 MP: 17/17
 48444 | Spider:3 | Noticed Donald
 48446 | Spider:3 | Killed Donald
 48579 | Spider:4 | Entered Level 4 of the Spider Nest
 49816 | Spider:4 | Lost mutation: You are agile. (Dex +2) [potion of mutation]
 49816 | Spider:4 | Lost mutation: Your magical capacity is low. (-10% MP)
                  | [potion of mutation]
 49816 | Spider:4 | Gained mutation: Your flesh is cold resistant. (rC+)
                  | [potion of mutation]
 49816 | Spider:4 | Gained mutation: Your magical capacity is low. (-10% MP)
                  | [potion of mutation]
 49816 | Spider:4 | Gained mutation: You have sharp toenails. [potion of
                  | mutation]
 51208 | Spider:4 | Reached skill level 17 in Short Blades
 51429 | Spider:4 | Reached skill level 15 in Fighting
 52128 | Spider:4 | Got a gossamer rune of Zot
 52523 | Vaults:1 | Entered Level 1 of the Vaults
 52523 | Vaults:1 | Found Ixtepy's Weapon Emporium.
 52599 | Vaults:1 | Reached XP level 20. HP: 128/129 MP: 18/18
 52604 | Vaults:1 | Bought a polished dagger for 301 gold pieces
 52610 | Vaults:1 | Identified the cursed +1 dagger of the Spheres {holy,
                  | *Corrode Will++ Int+7} (You bought it in a shop on level 1
                  | of the Vaults)
 53262 | Vaults:1 | Found a snail-covered altar of Cheibriados.
 54527 | Vaults:1 | Identified the +5 scale mail of Hangman {rC+ Int+4 Dex+4}
                  | (You found it on level 1 of the Vaults)
 54657 | Vaults:1 | Reached skill level 18 in Short Blades
 56410 | Vaults:2 | Found Guppuun's Jewellery Boutique.
 57394 | Vaults:2 | Found a runed translucent gate.
 57395 | Vaults:2 | Found a runed translucent gate.
 57396 | Vaults:2 | Found a runed translucent gate.
 57479 | Vaults:2 | Found a staircase to the Crypt.
 57479 | Vaults:2 | Found an ancient bone altar of Kikubaaqudgha.
 57479 | Vaults:2 | Found a basalt altar of Yredelemnul.
 57630 | Vaults:2 | Identified the +9 hand axe of Ane Tidou {flame, rElec rN+}
 57647 | Vaults:2 | Reached skill level 19 in Short Blades
 57652 | Vaults:2 | Reached XP level 21. HP: 123/136 MP: 18/18
 57811 | Vaults:2 | Reached skill level 10 in Armour
 58321 | Vaults:2 | Noticed handsome's ghost (veteran OpWn)
 59199 | Vaults:3 | Reached skill level 20 in Short Blades
 59573 | Vaults:3 | Found the +9 scales of the Dragon King {rPois rF+ rC+
                  | Will+}
 60746 | Vaults:3 | Found a transporter.
 60747 | Vaults:3 | Found the +11 plutonium sword {*Contam Stlth-}
 60767 | Vaults:3 | Found a transporter.
 62216 | Vaults:3 | Found Ahathraq's Assorted Antiques.
 63408 | Vaults:3 | Reached XP level 22. HP: 142/142 MP: 19/19
 63516 | Vaults:3 | Acquired 931 gold pieces
 67362 | Vaults:3 | Bought a scroll of immolation for 143 gold pieces
 67421 | Vaults:5 | Entered Level 5 of the Vaults
 67531 | Vaults:5 | Reached XP level 23. HP: 133/147 MP: 20/20
 67630 | Vaults:5 | Reached skill level 15 in Armour
 68282 | Vaults:5 | Identified the +5 morningstar of Asucim {venom, rPois rC-
                  | rN+ Str+2}
 68282 | Vaults:5 | Identified the ring "Jioss" {Will+ Stlth-}
 69326 | Vaults:5 | Found Mantesu's Antique Armour Shop.
 69358 | Vaults:5 | Noticed a golden dragon
 69387 | Vaults:5 | Killed a golden dragon
 70110 | Vaults:5 | Killed from afar by a shadow dragon

Illustrated notes

Levels and vault maps discovered:
D:1:      amcnicky_arrival_choice, layout_rooms, minmay_octomino_e4
D:2:      layout_basic, riverfiend_overflow_shadow_ancestor,
          chequers_ecumenical_altar_simple_redux, hangedman_ru_absence
D:3:      layout_basic, general_overflow_altar, lemuel_another_geyser
D:4:      minmay_opposing_rooms, layout_loops_cross, old_standard_altar,
          serial_shops, nicolae_shop_crystal, grunt_decor_one_mirror
D:5:      layout_cave_pools, dancing_weapons_uskayaw,
          minmay_temple_entry_stoned_glass, gup_sewer_entry_pipe
D:6:      layout_rooms, lemuel_crystal_altar, serial_shops,
          nicolae_shop_waterfront, nicolae_ossuary_entry_giza,
          nicolae_tso_besieged_by_evil
D:7:      wander_river, layout_layer_cave
D:8:      layout_cave_pods, slow_altar_1, lemuel_coloured_pillars_altar,
          chequers_temple_overflow_minitemple, serial_shops, shop
D:9:      layout_loops_ring, tgw_sif, uniq_erica
D:10:     cheibrodos_helix_gallery, layout_loops_ring, hiddenorc2_lemuel,
          minivault_19, minmay_fractal_squares_diagonal_5, uniq_psyche
D:11:     layout_loops_ring, dpeg_oklobed_lair, uniq_nergalle
D:12:     layout_gridville, abandoned_shop
D:13:     layout_loops_corners, portal_ice_cave_rime, serial_glass,
          glass_columns_b, glass_columns_a, hex_tiny
D:14:     layout_loops_ring, erik_vaults_1, gauntlet_entry_generic,
          evilmike_ruin_ashenzari, uniq_kirke, uniq_jorgrun, uniq_azrael
D:15:     gammafunk_depths_entry_grave, layout_basic, basic_altar, zin_angel
Temple:   compressed_dpeg_triangle_lava_temple
Lair:1:   dragon1_lemuel, layout_chaotic_city, grunt_megastairs_4
Lair:2:   wad_woods_tower, layout_layer_cave, nicolae_spider_entry_tight_spaces,
          grunt_forest_large_clearings
Lair:3:   layout_small_grid, roderic_carrion_pond
Lair:4:   layout_small_grid, skrybe_swamp_entry_bodies,
          eino_small_chamber_without_monster, small_statue_intersection,
          grunt_megastairs_1, lemuel_fruit_tree
Lair:5:   layout_cellular_growth, slime_dummy, minmay_lair_oklob_bushes,
          serial_bayou_shore_a
Lair:6:   due_jungle_book, layout_regular_city, basic_altar,
          serial_bayou_pond_e, infiniplex_staircase_pool_2
Swamp:1:  layout_basic_swamp, evilmike_swamp_ruin_house_1, uniq_roxanne,
          uniq_josephine
Swamp:2:  layout_falls_marsh, evilmike_swamp_ruin_rubble_1,
          nicolae_swamp_snake_nest
Spider:1: layout_spider_delve, uniq_aizul
Spider:2: layout_spider_delve, drop_trap
Spider:3: layout_spider_delve, uniq_donald
Spider:4: floodkiller_spider_rune_tomb
Orc:1:    layout_caves, enter_bailey_2, lightli_orcish_oven, uniq_harold
Orc:2:    st_orc_elflike, layout_caves, nicolae_orc_tapped_out
Elf:1:    eino_elf_arrival_customs, layout_gridlike,
          portal_desolation_entry_ruin, hangedman_elf_represent, minivault_25
Elf:2:    layout_rooms, uniq_louise, uniq_asterion, uniq_nikola
Vaults:1: nicolae_vaults_quadrants, nicolae_vaults_network_periphery,
          ontoclasm_vaults_ring_small, v_misc_10, v_misc_2, v_misc_28,
          grunt_vaults_twisty, v_alt_pattern_1, vaults_room_door_hall,
          vaults_room_pools, nicolae_vaults_rhombus_5, vaults_room_pools,
          layout_vaults_big_cross, serial_shops, shop, basic_altar
Vaults:2: gammafunk_vaults_ghost_necromancy, ontoclasm_vaults_hangar,
          minmay_crypt_entry_necro_gods, vaults_mumra_chevron_long,
          v_alt_pattern_6, nicolae_vaults_little_squares_3,
          nicolae_vaults_three_branches, nicolae_vaults_little_squares_4,
          hangedman_vaults_capsules, nicolae_vaults_yaktaur_gun_rack,
          nicolae_vaults_murderbox, layout_vaults_omnigrid, serial_shops, shop
Vaults:3: gammafunk_sealed_arena, vaults_room_pool, vaults_room_door_hall,
          v_pattern_4, nicolae_vaults_network_quinsquares
          [nicolae_vaults_network_quincunx_subvault,
          nicolae_vaults_network_quincunx_subvault,
          nicolae_vaults_network_quincunx_subvault,
          nicolae_vaults_network_quincunx_subvault], hangedman_vaults_cutoff,
          vaults_room_pool, layout_vaults_chaotic_city, serial_shops,
          nicolae_shop_crystal
Vaults:4: hangedman_vaults_locks, v_pattern_2, vaults_room_pool,
          vaults_room_hallway, grunt_vaults_funneled_arena,
          ontoclasm_vaults_bender, nicolae_vaults_big_angled_halls,
          ontoclasm_vaults_hangar, v_rooms_4, nicolae_vaults_diagonal_hallway_8,
          vaults_dpeg_ring, vaults_room_semicircle, v_misc_28,
          nicolae_vaults_diagonal_hallway_6, hangedman_vaults_cutoff,
          layout_vaults_maze_snakey
Vaults:5

Skill      XL: |  1  2  3  4  5  6  7  8  9 10 11 12 13 14 15 16 17 18 19 20 21 22 23 |
---------------+----------------------------------------------------------------------+-----
Short Blades   | 5 6 7 9 10 11 13 14 15 16 17 19 20 | 20.0
Fighting       | 3 4 6 8 10 11 12 13 14 15 16 | 16.1
Armour         | 1 2 3 4 5 6 8 9 11 14 16 | 16.2
Dodging        | 4 5 6 7 9 11 12 13 15 16 18 | 18.3
Evocations     | 2 4 6 8 9 10 11 12 13 14 | 14.1
Throwing       | 3 4 5 6 7 8 9 10 11 12 13 | 13.1
Shields        | 2 6 7 8 |  8.0
Stealth        | 7 9 12 13 15 17 18 | 18.7

Action                   |  1- 3 |  4- 6 |  7- 9 | 10-12 | 13-15 | 16-18 | 19-21 | 22-24 || total
-------------------------+-------+-------+-------+-------+-------+-------+-------+-------++-------
Melee: Rapier            |    86 |    37 |       |       |       |       |       |       ||   123
       Dagger            |       |   163 |   737 |  1702 |  2744 |  4266 |  4272 |  2334 || 16218
Throw: Throwing net      |       |     3 |       |       |       |       |       |    11 ||    14
Invok: Potion Petition   |       |       |       |       |       |     5 |     3 |     3 ||    11
       Call Merchant     |       |       |       |       |       |       |     7 |       ||     7
Evoke: Wand              |       |       |       |    23 |     5 |    14 |    18 |    33 ||    93
       Lightning rod     |       |       |       |       |     4 |     3 |     8 |     4 ||    19
       Phantom mirror    |       |       |       |       |     1 |       |       |     1 ||     2
       Condenser vane    |       |       |       |       |       |     2 |     4 |     3 ||     9
       Box of beasts     |       |       |       |       |       |       |     2 |     2 ||     4
       Tin of tremorston |       |       |       |       |       |       |     2 |     4 ||     6
       Phial of floods   |       |       |       |       |       |       |       |     2 ||     2
  Use: Scroll            |     1 |     5 |     7 |     6 |    14 |    13 |     7 |    13 ||    66
       Potion            |       |     2 |       |     1 |     4 |    14 |    10 |     8 ||    39
 Stab: Sleeping          |     9 |     8 |    15 |     2 |    69 |    95 |   134 |    14 ||   346
       Held in net/web   |       |     2 |       |       |       |       |     1 |     7 ||    10
       Distracted        |       |     1 |     2 |     6 |    30 |    38 |    38 |    16 ||   131
       Invisible         |       |       |       |     3 |       |       |       |       ||     3
Armor: Ring mail         |    21 |    40 |    76 |     1 |   161 |   282 |   114 |       ||   695
       Leather armour    |       |     2 |     1 |       |       |       |       |       ||     3
       Chain mail        |       |       |    26 |   278 |       |       |       |       ||   304
       Scale mail        |       |       |       |       |       |       |    61 |       ||    61
       Gold dragon scale |       |       |       |       |       |       |   196 |   382 ||   578
Dodge: Dodged            |    67 |   140 |   370 |   852 |  1299 |  2104 |  1509 |   480 ||  6821
Block: Buckler           |       |       |       |    72 |   944 |  1338 |   974 |   376 ||  3704
